 Dungeon Crawl Stone Soup version 0.32-a0-306-gfed3edf829 (webtiles) character file.

Game seed: 10525963968532081822

6385 AlmostDecent the Severer (level 10, -6/88 HPs)
             Began as a Mountain Dwarf Berserker on Feb 15, 2024.
             Was an Elder of Trog.
             Mangled by a troll (12 damage)
             ... on level 9 of the Dungeon.
             The game lasted 00:21:29 (7170 turns).

AlmostDecent the Severer (Mountain Dwarf Berserker) Turns: 7170, Time: 00:21:29

Health: -6/88      AC: 20    Str: 30    XL:     10   Next: 66%
Magic:  0/19       EV:  8    Int:  8    God:    Trog [****..]
Gold:   96         SH:  0    Dex:  9    Spells: 9/9 levels left

rFire   . . .        F - +2 battleaxe (freeze)
rCold   + . .        (shield currently unavailable)
rNeg    . . .        C - +3 plate armour
rPois   +            i - +2 helmet of Cogia {rPois rC+ rCorr Str+6}
rElec   .            (no cloak)
rCorr   +            z - +0 pair of gloves
SInv    +            (no boots)
Will    +....        t - amulet of guardian spirit Stlth
                     s - ring of magical power
HPRegen 0.34/turn    u - ring of see invisible
MPRegen 0.16/turn

%: guardian spirit
@: mighty, on berserk cooldown, fragile (+50% incoming damage), slowed, studying
Invocations, very slow
A: runic magic, artefact enchanting
a: Renounce Religion, Berserk, Trog's Hand, Brothers in Arms


You were on level 9 of the Dungeon.
You worshipped Trog.
Trog was greatly pleased with you.
You visited 1 branch of the dungeon, and saw 9 of its levels.

You collected 455 gold pieces.
You spent 359 gold pieces at shops.

Inventory:

Hand Weapons
 a - a +0 hand axe
 h - the +3 hand axe "Daolustu" {venom, rC++}
   (You found it on level 7 of the Dungeon)

   rC++:      It greatly protects you from cold.
 x - a +0 war axe
 F - a +2 battleaxe of freezing (weapon)
Armour
 i - the +2 helmet of Cogia (worn) {rPois rC+ rCorr Str+6}
   (You acquired it on level 5 of the Dungeon)

   Str+6:     It affects your strength (+6).
   rC+:       It protects you from cold.
   rPois:     It protects you from poison rCorr: It protects you from acid and
   corrosion.
 y - a +0 troll leather armour {Pargi}
 z - a +0 pair of gloves (worn)
 C - a +3 plate armour (worn)
Jewellery
 s - a ring of magical power (left hand)
 t - an amulet of guardian spirit (around neck)
 u - a ring of see invisible (right hand)
 A - a ring of flight
Wands
 n - a wand of flame (15)
 p - a wand of mindburst (21)
 v - a wand of roots (19)
 D - a wand of charming (2)
Scrolls
 b - a scroll of torment
 c - 2 scrolls of enchant armour
 e - 4 scrolls of teleportation
 m - a scroll of immolation {unknown}
 o - a scroll of identify
 w - 2 scrolls of blinking
 E - a scroll of fog {unknown}
Potions
 d - a potion of mutation {unknown}
 f - 2 potions of might
 g - 4 potions of curing
 j - 2 potions of invisibility
 k - 2 potions of attraction {unknown}
 l - 3 potions of cancellation
 q - 2 potions of haste
 r - a potion of heal wounds
 B - a potion of enlightenment {unknown}


   Skills:
 + Level 7.6 Fighting
 * Level 15.7 Axes
 + Level 6.6 Armour
 + Level 3.2 Dodging
 + Level 1.4 Stealth


You had 9 spell levels left.
You didn't know any spells.
Your spell library was empty.

Dungeon Overview and Level Annotations

Branches:
Dungeon (9/15)             Temple (0/1) D:4            Lair (0/5) D:8
    Orc: D:9-12

Altars:
Dithmenos
Elyvilon
Fedhas
Gozag
Hepliaklqana
Makhleb
Ru
Uskayaw
Yredelemnul

Shops:
D:4 ?   D:5 :?   D:8 !


Innate Abilities, Weirdness & Mutations

Your spellcasting is much less encumbered by armour.
You can use scrolls of enchantment on lesser artefacts.


Message History

The glass eye gazes at you.
You feel your fragility will last longer.
You slice the troll!! You freeze the troll!
The troll is severely wounded.
You completely miss the glass eye. The glass eye gazes at you.
You feel your fragility will last longer.
The troll bites you but does no damage.
The troll claws you but does no damage. x2
You barely miss the troll.
The troll is severely wounded.
You slash the glass eye! You freeze the glass eye.
You kill the glass eye!
Trog accepts your kill. The troll bites you.
* * * LOW HITPOINT WARNING * * *
The troll barely misses you. The troll claws you but does no damage.
The glass eye gazes at you.
You feel your fragility will last longer.
The glass eye gazes at you.
You feel your fragility will last longer.
The yak gores you but does no damage. The troll barely misses you.
The troll closely misses you. The troll claws you.
* * * LOW HITPOINT WARNING * * *
You feel much better. The troll barely misses you.
The troll claws you but does no damage. The troll claws you!
* * * LOW HITPOINT WARNING * * *
The yak gores you but does no damage. The glass eye gazes at you.
You feel your fragility will last longer.
You closely miss the troll.
The troll is severely wounded.
You closely miss the yak. The troll bites you!
* * * LOW HITPOINT WARNING * * *
The troll claws you but does no damage. x2; The yak closely misses you.
The glass eye gazes at you.
You feel your fragility will last longer.
The glass eye gazes at you.
You feel your fragility will last longer.
The troll bites you!
You die...

#............# #.........
.............####.........
#..........).+.##.........
#.........................
#.........#.#.#.#.........
#........#########........
#......... ..G#.........
........######Y##........
....... +.~"yT@$.#.####.
### #.######...# ..###
##.# ..# ..# ###


You could see a glass eye, a yak, a troll and a killer bee.

Vanquished Creatures
  A two-headed ogre (D:9)
  2 kobold demonologists (D:8)
  Maggie (D:7)
  A hornet (D:9)
  Grinder (D:3)
  A troll (D:9)
  2 glass eyes (D:9)
  A vampire (D:8)
  A wyvern (D:7)
  2 yaks (D:9)
  A steam dragon (D:5)
  A water moccasin (D:5)
  Pargi (D:4)
  4 orc warriors
  A sky beast (D:7)
  A black bear (D:4)
  2 ogres
  3 kobold brigands
  6 bullfrogs
  A gnoll sergeant (D:6)
  3 scorpions
  6 wights
  A killer bee (D:9)
  3 howler monkeys
  A bombardier beetle (D:6)
  2 jellies
  2 gnoll boudas
  5 orc priests
  3 hounds
  3 iguanas (D:8)
  6 orc wizards
  19 gnolls
  5 adders
  4 ufetubi
  3 dart slugs
  A ribbon worm (D:3)
  30 orcs
  3 endoplasms
  4 giant cockroaches
  11 goblins
  8 hobgoblins
  7 jackals
  2 quokkas
  4 ball pythons
  7 bats
  2 frilled lizards
  10 kobolds
  4 rats
193 creatures vanquished.

Notes
Turn   | Place    | Note
-------+----------+-------------------------------------------
     0 | D:1      | AlmostDecent the Mountain Dwarf Berserker began the quest
                  | for the Orb.
     0 | D:1      | Reached XP level 1. HP: 19/19 MP: 1/1
   221 | D:1      | Reached skill level 4 in Axes
   245 | D:1      | Reached XP level 2. HP: 26/26 MP: 2/2
   408 | D:1      | Reached XP level 3. HP: 25/31 MP: 3/3
   804 | D:2      | Reached skill level 5 in Axes
  1204 | D:2      | Reached ** piety under Trog
  1221 | D:2      | Reached XP level 4. HP: 27/40 MP: 4/4
  1996 | D:3      | Reached skill level 6 in Axes
  2263 | D:3      | Noticed Grinder
  2274 | D:3      | Paralysed by Grinder for 2 turns
  2281 | D:3      | Killed Grinder
  2282 | D:3      | Reached XP level 5. HP: 46/46 MP: 5/5
  2282 | D:3      | Reached XP level 6. HP: 52/52 MP: 6/6
  2564 | D:4      | Reached skill level 7 in Axes
  2775 | D:4      | Reached XP level 7. HP: 52/60 MP: 7/7
  2817 | D:4      | Found a hazy altar of Hepliaklqana.
  2935 | D:4      | Found Cidwol's Magic Scroll Shop.
  2938 | D:4      | Bought a scroll of identify for 22 gold pieces
  2938 | D:4      | Bought a scroll of teleportation for 33 gold pieces
  2938 | D:4      | Bought a scroll of identify for 22 gold pieces
  2985 | D:4      | Found a staircase to the Ecumenical Temple.
  2990 | D:4      | Noticed Pargi
  3006 | D:4      | Reached skill level 8 in Axes
  3020 | D:4      | Killed Pargi
  3416 | D:5      | Entered Level 5 of the Dungeon
  3526 | D:5      | Reached skill level 9 in Axes
  3579 | D:5      | Found Ylapuack's Book Boutique.
  3780 | D:5      | Found a shadowy altar of Dithmenos.
  3956 | D:5      | Noticed a steam dragon
  3967 | D:5      | Killed a steam dragon
  3968 | D:5      | Reached skill level 5 in Armour
  3968 | D:5      | Reached XP level 8. HP: 47/67 MP: 6/8
  4028 | D:5      | Found Raecem's Magic Scroll Emporium.
  4045 | D:5      | Bought a scroll of identify for 30 gold pieces
  4045 | D:5      | Bought a scroll of identify for 30 gold pieces
  4045 | D:5      | Bought a scroll of identify for 30 gold pieces
  4045 | D:5      | Bought a scroll of identify for 30 gold pieces
  4045 | D:5      | Bought a scroll of identify for 30 gold pieces
  4053 | D:5      | Identified a scroll of acquirement
  4053 | D:5      | Acquired the +2 helmet of Cogia {rPois rC+ rCorr Str+6}
  4393 | D:6      | Reached skill level 10 in Axes
  4396 | D:6      | Reached skill level 5 in Fighting
  4402 | D:6      | Reached *** piety under Trog
  4656 | D:6      | Reached skill level 11 in Axes
  4807 | D:6      | Found a basalt altar of Yredelemnul.
  4884 | D:6      | Found a white marble altar of Elyvilon.
  4884 | D:6      | Found a burning altar of Makhleb.
  4974 | D:6      | Found a sacrificial altar of Ru.
  4976 | D:6      | Found an opulent altar of Gozag.
  4979 | D:6      | Found a hide-covered altar of Uskayaw.
  5257 | D:7      | Found a blossoming altar of Fedhas.
  5273 | D:7      | Reached XP level 9. HP: 74/74 MP: 9/9
  5276 | D:7      | Noticed Maggie
  5290 | D:7      | Killed Maggie
  5291 | D:7      | Reached skill level 12 in Axes
  5291 | D:7      | Reached skill level 1 in Stealth
  5570 | D:7      | Identified the +3 hand axe "Daolustu" {venom, rC++}
  6351 | D:8      | Reached skill level 13 in Axes
  6495 | D:8      | Found a staircase to the Lair.
  6654 | D:8      | Noticed a kobold demonologist
  6657 | D:8      | Noticed a kobold demonologist
  6661 | D:8      | Noticed a red devil
  6666 | D:8      | Killed a kobold demonologist
  6671 | D:8      | Noticed a rust devil
  6673 | D:8      | Reached skill level 14 in Axes
  6674 | D:8      | Killed a kobold demonologist
  6675 | D:8      | Reached XP level 10. HP: 63/84 MP: 10/10
  6806 | D:8      | Found Kinwusk's Distillery.
  6820 | D:8      | Bought a potion of heal wounds for 60 gold pieces
  6820 | D:8      | Bought a potion of curing for 36 gold pieces
  6820 | D:8      | Bought a potion of curing for 36 gold pieces
  7129 | D:9      | Reached **** piety under Trog
  7138 | D:9      | Noticed a two-headed ogre
  7145 | D:9      | Killed a two-headed ogre
  7146 | D:9      | Reached skill level 15 in Axes
  7170 | D:9      | Mangled by a troll

Illustrated notes

Levels and vault maps discovered:
D:1:      spicycebolla_arrival_ecumenical, layout_basic, minmay_split_cup_small
D:2:      layout_basic, minmay_misc_feat_rows, guppyfry_early_orc_mine
D:3:      layout_basic, serial_bayou_crossing, uniq_grinder
D:4:      layout_rooms, general_overflow_altar, minmay_temple_entry_junction_2,
          serial_shops, nicolae_shop_behind_doors, reono_crystal_passage,
          kennysheep_flooded_box, minmay_misc_feat_tower, due_unseen_surprise,
          uniq_pargi
D:5:      layout_loops_ring, mainiacjoe_overflow_tiny_flanked, serial_shops,
          shop, shop, dk_noncrumbling_2, grunt_ministairs_2
D:6:      layout_basic, nicolae_overflow_hidden_temple,
          lemuel_coloured_pillars_altar, gammafunk_temple_overflow_statue,
          serial_park_tiny_pond
D:7:      layout_loops_corners, fedhas_ov_isle_minmay, uniq_maggie
D:8:      layout_gridville, dpeg_lair_monsters, serial_shops,
          nicolae_shop_industrial_runoff, serial_library_hellmonk_metal_room
D:9:      layout_roguey, slow_altar_2, onia_ninara_cookie

Skill      XL: |  1  2  3  4  5  6  7  8  9 10 |
---------------+-------------------------------+-----
Axes           | 4 5 6 7 9 11 14 15 | 15.7
Fighting       | 4 5 6 7 |  7.6
Armour         | 3 4 5 6 |  6.6
Dodging        | 2 3 |  3.2
Stealth        | 1 |  1.4

Action                     |  1- 3 |  4- 6 |  7- 9 | 10-12 || total
---------------------------+-------+-------+-------+-------++-------
  Melee: Hand axe          |    91 |    93 |       |       ||   184
         War axe           |       |    15 |   293 |    24 ||   332
         Battleaxe         |       |       |       |    50 ||    50
 Invoke: Berserk           |       |     3 |     7 |     2 ||    12
         Trog's Hand       |       |     1 |     3 |     1 ||     5
    Use: Scroll            |       |       |    13 |       ||    13
         Potion            |       |       |     1 |     3 ||     4
   Stab: Sleeping          |     1 |       |       |       ||     1
 Armour: Animal skin       |    48 |       |       |       ||    48
         Ring mail         |    19 |    78 |    53 |       ||   150
         Troll leather arm |       |       |   130 |       ||   130
         Plate armour      |       |       |   117 |    99 ||   216
  Dodge: Dodged            |    50 |    56 |   194 |    37 ||   337

Table legend: (Time is in decaauts)
 A = Elapsed time spent in this place.
 B = Non-inter-level travel time spent in this place.
 C = Inter-level travel time spent in this place.
 D = Time resting spent in this place.
 E = Time spent auto-exploring this place.
 F = Levels seen in this place.
 G = Mean time per level.
                   A        B        C        D        E       F      G
               +--------+--------+--------+--------+--------+-----+--------+
         Total |   7246 |   6881 |    365 |    157 |   5579 |   9 |  805.1 |
       Dungeon |   7246 |   6881 |    365 |    157 |   5579 |   9 |  805.1 |
               +--------+--------+--------+--------+--------+-----+--------+

Top non-repeatable levels by time:
     D:7: 1148 daAuts
     D:5: 921 daAuts
     D:3: 915 daAuts
     D:4: 897 daAuts
     D:2: 896 daAuts
     D:8: 818 daAuts
     D:1: 805 daAuts
     D:6: 775 daAuts
     D:9: 68 daAuts
